AoeStats
← blacksword173

Arabia

510162787Analyzed
2v2 RM · 1d ago on Sep 29, 2026· 56m 35s· 4 players
Game mode
Random Map
Map size
Medium (4 player)
Population
200
Speed
Normal
Resources
Standard
Victory
Conquest
Starting age
Dark Age
Ending age
Imperial Age
RankedLock teamsTeams togetherTeam positionsShared explorationLock speedFull tech treeHidden civsTurbo modeCheats
Victory
Defeat
🇪🇸 Saracens · Spain
986
+15
🇸🇪 Inca · Sweden
962
+16
🇪🇸 Jurchens · Spain
991
-16
🇪🇸 Burgundians · Spain
949
-15
35 year old virgin
4:53 Loom
11:44 Feudal Age
13:53 Forging
14:08 Champi Runner
15:59 Scale Mail Armor
21:01 Castle Age
19:30 Arson
20:14 Gold Mining
22:02 Wheelbarrow
21:31 Double-Bit Axe
21:57 Champi Warrior
24:09 Bow Saw
28:04 Gold Shaft Mining
27:11 Horse Collar
32:42 Hand Cart
34:07 Iron Casting
33:48 Chain Mail Armor
33:37 Squires
34:50 Fletching
Peluco el sabio
0:26 Loom
10:59 Feudal Age
11:36 Double-Bit Axe
17:17 Castle Age
18:20 Stone Mining
18:52 Gold Mining
19:07 Horse Collar
22:28 Gold Shaft Mining
22:30 Bow Saw
22:58 Pikeman
24:17 Town Watch
29:37 Wheelbarrow
30:32 Padded Archer Armor
30:23 Fletching
31:56 Leather Archer Armor
31:48 Scale Barding Armor
33:27 Hand Cart
33:42 Scale Mail Armor
35:11 Bloodlines
35:02 Husbandry
38:20 Chain Barding Armor
38:10 Forging
38:17 Chain Mail Armor
39:07 Elite Skirmisher
44:55 Imperial Age
44:15 Ballistics
46:51 Chemistry
45:51 Bodkin Arrow
46:27 Ring Archer Armor
48:30 Squires
49:42 Heavy Plow
49:09 Capped Ram
49:34 Heavy Camel Rider
51:46 Plate Barding Armor
51:47 Iron Casting
51:12 Bracer
51:43 Ring Archer Armor
55:46 Elite Mameluke
56:38 Counterweights
blacksword173
5:09 Loom
9:33 Feudal Age
10:27 Double-Bit Axe
15:11 Horse Collar
16:20 Scale Barding Armor
16:26 Forging
18:25 Fletching
19:44 Wheelbarrow
24:10 Castle Age
22:27 Padded Archer Armor
24:52 Gold Mining
25:17 Bow Saw
25:11 Heavy Plow
26:30 Hand Cart
33:43 Gold Shaft Mining
37:14 Stone Mining
39:59 Bodkin Arrow
45:17 Imperial Age
45:28 Chain Barding Armor
47:09 Plate Barding Armor
47:10 Iron Casting
49:39 Conscription
50:24 Blast Furnace
49:41 Leather Archer Armor
50:49 Chemistry
54:13 Elite Iron Pagoda
charmoleck
12:27 Feudal Age
16:21 Loom
19:12 Castle Age
18:32 Horse Collar
18:56 Double-Bit Axe
22:21 Heavy Plow
23:02 Cavalier
26:32 Forging
33:19 Gold Mining
34:09 Crop Rotation
34:16 Husbandry
35:32 Iron Casting
Connection lost

Rejoining the realm…

Still unreachable

The connection could not be restored.

Session expired

The server has moved on; the page needs a fresh start.